 Dungeon Crawl Stone Soup version 0.21-a0-113-g6841d05 (webtiles) character file.

42 Lianjan the Ogre Mage (level 3, -1/37 HPs)
             Began as an Ogre Warper on July 12, 2017.
             Slain by an adder (4 damage)
             ... on level 2 of the Dungeon.
             The game lasted 00:02:23 (1515 turns).

Lianjan the Ogre Mage (Ogre Warper)                 Turns: 1515, Time: 00:02:24

Health: -1/37      AC:  3    Str: 15    XL:     3   Next: 54%
Magic:  1/7        EV: 10    Int: 15    God:
Gold:   28         SH:  0    Dex:  8    Spells: 1/8 levels left

rFire    . . .     SeeInvis .   a - +0 mace
rCold    . . .     Gourm    .   (no shield)
rNeg     . . .     Faith    .   b - +0 robe
rPois    .         Spirit   .   (helmet restricted)
rElec    .         Reflect  .   (no cloak)
rCorr    .         Harm     .   (gloves unavailable)
MR       .....                  (boots unavailable)
Stlth    +.........             (no amulet)
HPRegen  0.12/turn              (no ring)
MPRegen  0.10/turn              (no ring)

@: lethally poisoned (-1 -> -3), very slightly contaminated
A: unfitting armour, tough skin 1
a: no special abilities


You were on level 2 of the Dungeon.
You were hungry.

You visited 1 branch of the dungeon, and saw 2 of its levels.

You collected 28 gold pieces.

Inventory:

Hand Weapons
 a - a +0 mace (weapon)
Missiles
 e - 2 tomahawks of dispersal (quivered)
 g - 25 stones
Armour
 b - a +0 robe (worn)
Jewellery
 n - an uncursed amulet of faith
Scrolls
 d - 2 scrolls of blinking
 k - 3 scrolls of fog {unknown}
 l - a scroll of amnesia {unknown}
Potions
 h - a potion of lignification {unknown}
 j - 3 potions of curing {unknown}
 m - 2 potions of brilliance {unknown}
 p - a potion of mutation {unknown}
Books
 c - a book of Spatial Translocations

   Spells                             Type                      Level
   a - Blink                          Translocation                2
   b - Shroud of Golubria             Charms/Translocation         2
   c - Lesser Beckoning               Translocation                3
   d - Gell's Gravitas                Translocation                3
   e - Teleport Other                 Translocation                3
   f - Passage of Golubria            Translocation                4
Comestibles
 f - a bread ration
 i - 3 chunks of flesh
 o - a meat ration


   Skills:
 + Level 3.0 Fighting
 + Level 2.9 Maces & Flails
 - Level 1.0 Throwing
 - Level 2.1 Dodging
 - Level 3.0 Spellcasting
 + Level 2.7 Translocations


You had one spell level left.
You knew the following spells:

 Your Spells              Type           Power        Failure   Level  Hunger
a - Blink                 Tloc           N/A          10%         2    ##.....
b - Shroud of Golubria    Chrm/Tloc      #.........   17%         2    ##.....
c - Teleport Other        Tloc           ##......     19%         3    ###....


Dungeon Overview and Level Annotations

Branches:
Dungeon (2/15)

Altars:


Innate Abilities, Weirdness & Mutations

You are too large for most types of armour.
You have tough skin. (AC +1)


Message History

Aim: an adder (moderately wounded)
You throw a tomahawk of dispersal.
The tomahawk of dispersal closely misses the adder.
The adder barely misses you. The rat closely misses you.
The adder closely misses you.
Throwing (i - inventory. (,) - cycle):
e - 4 tomahawks of dispersal (quivered)
Press: ? - help, Shift-Dir - straight line, f/p - adder
Aim: an adder (moderately wounded)
You throw a tomahawk of dispersal.
The tomahawk of dispersal closely misses the adder.
You feel sick. The rat bites you but does no damage. The adder bites you.
* * * LOW HITPOINT WARNING * * *
The rat bites you but does no damage.
Throwing (i - inventory. (,) - cycle):
e - 3 tomahawks of dispersal (quivered)
Press: ? - help, Shift-Dir - straight line, f/p - adder
Aim: an adder (moderately wounded)
You throw a tomahawk of dispersal.
The tomahawk of dispersal closely misses the adder.
The adder bites you.
You die...

################
#..............#
#####..............#
...................+
#####..............#
#..................#
#..................#
#(.............r@..#
...............S...#
#................).#
#..................#
#..................#
##### .....(......#
..... ..#.........
..... . #..........
..... #...........


You could see an adder and a rat.

Vanquished Creatures
  2 oozes (D:1)
  A dart slug (D:1)
  A leopard gecko (D:1)
  A ball python (D:2)
  7 bats (D:1)
  A giant cockroach (D:1)
  5 goblins (D:1)
  3 hobgoblins (D:1)
  A quokka (D:2)
  2 frilled lizards (D:1)
  5 kobolds (D:1)
29 creatures vanquished.

Notes
Turn   | Place    | Note
-------+----------+-------------------------------------------
     0 | D:1      | Lianjan the Ogre Warper began the quest for the Orb.
     0 | D:1      | Reached XP level 1. HP: 22/22 MP: 3/3
   118 | D:1      | Reached XP level 2. HP: 16/29 MP: 5/5
   199 | D:1      | Learned a level 2 spell: Blink
   202 | D:1      | Learned a level 2 spell: Shroud of Golubria
   652 | D:1      | Reached XP level 3. HP: 30/36 MP: 5/7
   657 | D:1      | Learned a level 3 spell: Teleport Other
  1515 | D:2      | Slain by an adder

Vault maps used:
D:1:      ncdulo_lavacross

Skill      XL: |  1  2  3 |
---------------+----------+-----
Maces & Flails | 2 |  2.9
Spellcasting   | 3 |  3.0
Fighting       | 3 |  3.0
Throwing       | |  1.0
Dodging        | |  2.1
Translocations | |  2.7

Action                   || total
-------------------------++-------
Melee: Mace              ||    97
Throw: Stone             ||     4
       Tomahawk          ||     3
 Cast: Shroud of Golubri ||     9
  Eat: Chunk             ||     2
Armor: Robe              ||    40
Dodge: Dodged            ||    82
